 Dungeon Crawl Stone Soup version 0.24-a0-715-g0b739ee41d (webtiles) character file.

Game seed: 14818533371870925027, levelgen mode: deterministic

214 DasRunzen the Sneak (level 5, -1/31 HPs)
             Began as an Octopode Ice Elementalist on Sept 30, 2019.
             Slain by a gnoll
             ... wielding a +0 spear
              (8 damage)
             ... on level 3 of the Dungeon.
             The game lasted 00:06:54 (3022 turns).

DasRunzen the Sneak (Octopode Ice Elementalist)     Turns: 3022, Time: 00:06:55

Health: -1/31      AC:  1    Str:  8    XL:     5   Next: 91%
Magic:  9/9        EV: 14    Int: 18    God:
Gold:   58         SH:  0    Dex: 12    Spells: 7/10 levels left

rFire    . . .     SeeInvis .   l - +2 short sword (speed)
rCold    . . .     Gourm    .   (no shield)
rNeg     . . .     Faith    .   (helmet restricted)
rPois    .         Spirit   .   (no amulet)
rElec    .         Reflect  .   (no ring)
rCorr    .         Harm     .   (no ring)
MR       .....                  (no ring)
Stlth    ++++......             (no ring)
HPRegen  0.10/turn              (no ring)
MPRegen  0.11/turn              (no ring)
                                (no ring)
                                (no ring)

@: no status effects
A: almost no armour, stealthy swim, amphibious, 8 rings, constrict 8, camouflage
1, gelatinous body 1
a: no special abilities


You were on level 3 of the Dungeon.
You were not hungry.

You visited 1 branch of the dungeon, and saw 3 of its levels.

You collected 58 gold pieces.

Inventory:

Hand Weapons
 l - a +2 short sword of speed (weapon)
Scrolls
 c - a scroll of identify
 d - 2 scrolls of teleportation
 g - 3 scrolls of remove curse
 h - 2 scrolls of enchant armour
 i - 2 scrolls of immolation
Potions
 a - a potion of might
 f - a potion of mutation {unknown}
 j - 3 potions of curing {unknown}
Comestibles
 b - 4 rations


   Skills:
 + Level 3.3 Dodging
 + Level 4.8 Stealth
 + Level 3.2 Spellcasting
 - Level 1.0 Conjurations
 + Level 4.0 Ice Magic


You had 7 spell levels left.
You knew the following spells:

 Your Spells              Type           Power        Failure   Level  Hunger
a - Freeze                Ice            ###.         3%          1    None
b - Throw Frost           Conj/Ice       ##....       9%          2    ##.....

Your spell library contained the following spells:

 Spells                   Type           Power        Failure   Level  Hunger
 Ozocubu's Armour         Chrm/Ice       ##......     22%         3    ###....
 Throw Icicle             Conj/Ice       ##......     50%         4    ####...
 Summon Ice Beast         Ice/Summ       ##......     56%         4    ####...


Dungeon Overview and Level Annotations

Branches:
Dungeon (3/15)

Altars:
Hepliaklqana


Innate Abilities, Weirdness & Mutations

You cannot wear most types of armour.
You are very stealthy in the water. (Stealth+)
You are amphibious.
You can wear up to eight rings at the same time.
You can use your tentacles to constrict eight enemies at once.
Your skin changes colour to match your surroundings (Stealth+).
Your rubbery body absorbs attacks. (AC +1, EV +1)


Message History

You start resting.
HP restored.
You climb downwards.
The orc barely misses you. The orc hits you with a +0 short sword.
The gnoll hits you from afar with a +0 spear.
There is a stone staircase leading up, spattered with blood here.
The gnoll closely misses you. The orc closely misses you. The gnoll misses you.
You climb upwards.
There is a stone staircase leading down here.
You hit the orc. You grab the orc. You squeeze the orc.
You kill the orc!
No target in view!
You can't go up here!
You climb downwards.
The gnoll misses you.
The gnoll hits you from afar with a +0 spear!
There is a stone staircase leading up, spattered with blood here.
The gnoll hits you with a +0 spear!
* * * LOW HITPOINT WARNING * * *
The gnoll hits you with a +0 spear!
You die...

#≈§§#.#########
#§.§#)........#
########§..#########.#####
.≈≈≈≈≈§§...(≈≈§≈≈ +.....##
§...§§.§.≈..§.... +......##
§≈≈≈≈≈§....§≈§≈≈≈ +.......#
########...#########.......#
#.....#≈.≈#...............#
#.....#≈.≈#..@............# #
#.....#≈.≈#.ggg...........#
####.....#≈§≈#...............#
.........#≈.≈#..............##
.........#≈.§##.....#......##
.........#...##....##.######
.......#.#'''#..#####.#
.....#.........##### .#
........##g........#


You could see 3 gnolls.

Vanquished Creatures
  An orc priest (D:3)
  2 orc wizards (D:3)
  A howler monkey zombie (D:2)
  4 adders (D:2)
  An ooze (D:1)
  2 worms
  4 dart slugs
  2 leopard geckos (D:1)
  2 orcs
  5 bats (D:1)
  A giant cockroach (D:1)
  7 goblins
  7 hobgoblins
  10 jackals (D:1)
  2 kobolds (D:1)
  A ball python (D:1)
  6 frilled lizards
  3 rats
61 creatures vanquished.

Notes
Turn   | Place    | Note
-------+----------+-------------------------------------------
     0 | D:1      | DasRunzen the Octopode Ice Elementalist began the quest for
                  | the Orb.
     0 | D:1      | Reached XP level 1. HP: 11/11 MP: 3/3
   450 | D:1      | Reached XP level 2. HP: 6/17 MP: 1/5
   864 | D:1      | Reached XP level 3. HP: 9/21 MP: 4/6
  1047 | D:1      | Learned a level 2 spell: Throw Frost
  1703 | D:2      | Reached XP level 4. HP: 19/27 MP: 7/7
  1974 | D:2      | Found a hazy altar of Hepliaklqana.
  2349 | D:2      | Reached XP level 5. HP: 31/31 MP: 9/9
  3022 | D:3      | Slain by a gnoll

Levels and vault maps discovered:
D:1:      minmay_arrival_widening_spiral_wide, layout_loops_ring,
          minmay_hexomino_c4
D:2:      layout_basic, lemuel_round_altar, first_ration
D:3:      layout_rooms, kennysheep_okawaru_gauntlet,
          kennysheep_cross_bottleneck, minmay_strange_pillars

Skill      XL: |  1  2  3  4  5 |
---------------+----------------+-----
Stealth        | 3 4 |  4.8
Dodging        | 3 |  3.3
Spellcasting   | 3 |  3.2
Ice Magic      | 4 |  4.0
Conjurations   | |  1.0

Action                   |  1- 3 |  4- 6 || total
-------------------------+-------+-------++-------
Melee: Unarmed           |    29 |       ||    29
       Constrict         |    27 |    11 ||    38
       Tentacles         |    14 |     7 ||    21
       Dagger            |    64 |       ||    64
       Short sword       |     5 |    40 ||    45
 Cast: Freeze            |    16 |     7 ||    23
       Throw Frost       |       |     5 ||     5
  Use: Scroll            |     7 |     2 ||     9
 Stab: Sleeping          |     9 |    11 ||    20
       Distracted        |     2 |       ||     2
  Eat: Chunk             |     2 |     2 ||     4
       Ration            |       |     1 ||     1
Armor: Skin              |    13 |     2 ||    15
Dodge: Dodged            |    77 |    21 ||    98

Table legend:
 A = Non-vault XP
 B = Vault XP
 C = Vault XP percentage of total XP
 D = Non-vault monster count
 E = Vault monster count
 F = Vault count percentage of total count
                 A         B        C        D         E       F
            +---------+---------+-------+---------+---------+-------
      Total |     291 |      15 |   4.9 |      54 |       7 |  11.5
            +---------+---------+-------+---------+---------+-------
        D:1 |      63 |      15 |  19.2 |      30 |       7 |  18.9
        D:2 |      94 |       0 |   0.0 |      16 |       0 |   0.0
        D:3 |     134 |       0 |   0.0 |       8 |       0 |   0.0
            +---------+---------+-------+---------+---------+-------
